 Dungeon Crawl Stone Soup version 0.28-b1-25-g9875b3fc8c (webtiles) character file.

Game seed: 10462195870620727733

35643 Masnef the Thrower (level 13, -11/89 HPs)
             Began as a Gnoll Conjurer on Feb 7, 2022.
             Was a High Priest of Hepliaklqana.
             Mangled by a torpor snail (16 damage)
             ... on level 5 of the Lair of Beasts.
             The game lasted 00:56:18 (21966 turns).

Masnef the Thrower (Gnoll Conjurer)                Turns: 21966, Time: 00:56:20

Health: -11/89     AC: 10    Str:  8    XL:     13   Next: 85%
Magic:  8/27       EV: 15    Int: 26    God:    Hepliaklqana [*****.]
Gold:   2084       SH:  8    Dex: 12    Spells: 16/32 levels left

rFire   . . .      SeeInvis .   i - staff of conjuration
rCold   . . .      Faith    .   K - +2 buckler
rNeg    . . .      Spirit   .   u - +2 robe {Archmagi}
rPois   .          Reflect  .   R - +0 helmet
rElec   .          Harm     .   y - +0 cloak
rCorr   +          Rampage  .   B - +0 pair of gloves
Will    .....      Archmagi +   L - +0 pair of boots
Stlth   ++++......              (no amulet)
HPRegen 0.24/turn               x - ring of resist corrosion
MPRegen 0.20/turn               H - +6 ring of intelligence

@: slowed, studying Throwing, very slow
A: reduced essence, fangs 1, strong nose, distributed training
a: Renounce Religion, Recall Ancestor, Ancestor Identity, Transference, Idealise


You were on level 5 of the Lair of Beasts.
You worshipped Hepliaklqana.
Hepliaklqana was extremely pleased with you.
You visited 3 branches of the dungeon, and saw 17 of its levels.

You collected 3254 gold pieces.
You spent 1170 gold pieces at shops.

Inventory:

Hand Weapons
 c - a +1 short sword of draining
 w - the +7 staff of the Meek {protect, meekguard}
   (You found it on level 3 of the Dungeon)

   It grants its wielder temporary protection when it strikes (+7 to AC).
   It provides extra protection to wielders with little health.
 F - a +2 dagger of venom
Missiles
 f - 38 poisoned darts
 g - 4 curare-tipped darts
 m - a throwing net
 s - 9 javelins
Armour
 a - a +0 robe
 k - a +0 leather armour
 u - a +2 robe of the Archmagi (worn)
 y - a +0 cloak (worn)
 B - a +0 pair of gloves (worn)
 K - a +2 buckler (worn)
 L - a +0 pair of boots (worn)
 R - a +0 helmet (worn)
 S - a +1 leather armour of poison resistance
Magical Staves
 i - a staff of conjuration (weapon)
Jewellery
 x - a ring of resist corrosion (left hand)
 H - a +6 ring of intelligence (right hand)
Wands
 v - a wand of iceblast (11)
 D - a wand of paralysis (20)
 M - a wand of flame (6)
 Q - a wand of digging (6)
 V - a wand of acid (7)
Scrolls
 b - 2 scrolls of torment
 e - 2 scrolls of immolation
 l - 6 scrolls of teleportation
 o - a scroll of amnesia
 p - 3 scrolls of magic mapping
 q - 3 scrolls of fear
 t - a scroll of identify
 z - a scroll of silence
 A - a scroll of vulnerability
 C - 5 scrolls of enchant weapon
 E - 3 scrolls of holy word
 I - 2 scrolls of blinking
 P - a scroll of summoning
 X - 4 scrolls of enchant armour
Potions
 d - a potion of brilliance {unknown}
 h - 3 potions of heal wounds
 j - 5 potions of curing
 n - 5 potions of might
 r - 4 potions of lignification
 J - 2 potions of mutation {unknown}
 N - a potion of ambrosia
 O - 3 potions of haste
 U - a potion of resistance
 W - a potion of flight
Miscellaneous
 T - a phantom mirror


   Skills:
 + Level 8.6 Fighting
 + Level 8.6 Short Blades
 + Level 8.6 Long Blades
 + Level 8.6 Axes
 + Level 8.6 Maces & Flails
 + Level 8.6 Polearms
 + Level 8.6 Staves
 + Level 8.6 Slings
 + Level 8.6 Bows
 + Level 8.6 Crossbows
 + Level 11.8 Throwing
 + Level 8.6 Armour
 + Level 9.8 Dodging
 + Level 9.7 Stealth
 + Level 8.6 Shields
 + Level 8.6 Unarmed Combat
 + Level 10.0 Spellcasting
 + Level 10.2 Conjurations
 + Level 7.2 Hexes
 + Level 7.2 Summonings
 + Level 7.2 Necromancy
 + Level 7.2 Translocations
 + Level 7.2 Transmutations
 + Level 7.2 Fire Magic
 + Level 7.2 Ice Magic
 + Level 7.2 Air Magic
 + Level 7.2 Earth Magic
 + Level 7.2 Poison Magic
 + Level 9.5 Invocations
 + Level 8.6 Evocations


You had 16 spell levels left.
You knew the following spells:

 Your Spells              Type           Power      Damage    Failure   Level
a - Magic Dart            Conj           100%       1d8       1%          1
b - Searing Ray           Conj           100%       2d8       1%          2
c - Dazzling Flash        Conj/Hex       100%       N/A       1%          3
d - Blink                 Tloc           100%       N/A       1%          2
e - Fulminant Prism       Conj/Hex       46%        3d21      1%          4
z - Olgreb's Toxic Radia  Pois           66%        N/A       2%          4

Your spell library contained the following spells:

 Spells                   Type           Power      Damage    Failure   Level
 Animate Skeleton         Necr           100%       N/A       1%          1
 Apportation              Tloc           100%       N/A       1%          1
 Summon Small Mammal      Summ           100%       N/A       1%          1
 Static Discharge         Conj/Air       93%        N/A       1%          2
 Gell's Gravitas          Tloc           66%        N/A       1%          3
 Inner Flame              Hex/Fire       66%        N/A       1%          3
 Summon Guardian Golem    Hex/Summ       66%        N/A       1%          3
 Teleport Other           Tloc           66%        N/A       1%          3
 Iskenderun's Mystic Bla  Conj/Tloc      93%        2d18      1%          4
 Sticky Flame             Conj/Fire      93%        2d10      1%          4
 Cause Fear               Hex            33%        N/A       2%          4
 Dispel Undead            Necr           66%        3d23      2%          4
 Lightning Bolt           Conj/Air       46%        1d66      4%          5
 Agony                    Necr           66%        N/A       8%          5
 Silence                  Hex/Air        33%        N/A       8%          5
 Dispersal                Tloc           33%        N/A       41%         6
 Orb of Destruction       Conj           49%        9d13      58%         7
 Spellforged Servitor     Conj/Summ      46%        N/A       78%         7
 Ozocubu's Refrigeration  Ice            33%        4d11      94%         7
 Discord                  Hex            33%        N/A       100%        8
 Ignition                 Fire           33%        3d10      100%        8
 Maxwell's Capacitive Co  Air            33%        ∞         100%        8


Dungeon Overview and Level Annotations

Branches:
Dungeon (11/15)            Temple (1/1) D:7            Lair (5/6) D:11
 Shoals (0/4) Lair:3        Snake (0/4) Lair:2          Orc (0/2) D:11
  Slime: Lair:5-6

Altars:
Ashenzari
Cheibriados
Dithmenos
Elyvilon
Fedhas
Gozag
Hepliaklqana
Kikubaaqudgha
Makhleb
Nemelex Xobeh
Okawaru
Qazlal
Ru
Sif Muna
Trog
Uskayaw
Vehumet
Wu Jian
Xom
Yredelemnul
Zin
The Shining One
Beogh

Shops:
D:3 !   D:4 ?

Annotations:
D:3 2 transporters, HammerPanzer's ghost, amateur MiBe
D:10 1 runed translucent door, IvanJoukov's ghost, novice DEFE
Lair:5 Nessos


Innate Abilities, Weirdness & Mutations

Your life essence is reduced to manifest your ancestor. (-10% HP)
You have very sharp teeth.
Your uncanny sense of smell can sniff out nearby items.
Your experience applies equally to all skills.


Message History

Nessos blinks!
The torpor snail misses you.
Nessos gestures wildly while chanting.
Nessos blinks!
You feel very sick. The torpor snail completely misses you.
Unknown command.
You feel much better.
You feel sick. The torpor snail misses you.
Nessos mumbles some strange words.
Nessos blinks!
Unknown command.
Aiming: Paralyse
Press: ? - help, Shift-Dir - straight line, f/p - Nessos
Aim: Nessos, wielding a +1 longbow of flaming, wearing a +0 barding and quivering arrows (purple smoke, fast, ally target, chance to affect: 69%) Nessos suddenly stops moving!
You feel sick.
Gianna Nannini hits Nessos with a +0 flail!
The torpor snail bites you!
* * * LOW HITPOINT WARNING * * *
Gianna Nannini hits Nessos with a +0 flail.
Casting: Magic Dart (safe; 1% risk of failure)
Confirm with . or Enter, or press ? or * to list all spells.
Aiming: Fulminant Prism (dangerous; 1% risk of failure)
Press: ? - help, Dir - move target, p - Nessos You feel a strong surge of power!
You conjure a prism of explosive energy!
A fulminant prism comes into view.
You feel sick. The torpor snail bites you!
* * * LOW HITPOINT WARNING * * *
Gianna Nannini hits Nessos with a +0 flail.
You hit the plant but do no damage.
You blast the plant.
The plant begins to die.
The plant is lightly damaged.
You feel sick. The torpor snail misses you.
Your fulminant prism crackles loudly.
You hit the plant but do no damage.
You blast the plant!
The plant is lightly damaged.
You feel sick.
You are no longer poisoned.
Gianna Nannini hits Nessos with a +0 flail.
The torpor snail bites you!
You die...

##### ##.#...##.############.##
PP#P###P..PP#.....#.##.##.#...###
.................................
....................#.....#..P...
...................#..........#.R
.P.............§........†....#.Y.
P...#..........§§§§#...§††.#.##..
...............P§§§§P.§......#...
.#.#P.#.P#....§§@c§§.............
........P.....§§§wR§R............
...##....P....§§§§*.#............
.P..P..........§..§#.§...........
........#....#..§§...............
....#.........P.........§.#..#...
........#...PP.P.P....c.........
...........P...P............
...P.....#...#.#...


You could see the friendly Gianna Nannini the knight (slow), Nessos (paralysed,
ally target), a torpor snail (ally target) and a friendly fulminant prism.

Vanquished Creatures
  3 hydras
  A catoblepas (Lair:3)
  3 two-headed ogres
  Erica (D:11)
  A wolf spider (Lair:1)
  An ugly thing (D:7)
  A manticore (D:11)
  2 elephants (Lair:1)
  2 black mambas (Lair:4)
  2 cane toads
  2 gargoyles
  A kobold demonologist (D:9)
  7 komodo dragons
  A freezing wraith (D:11)
  4 trolls
  2 hornets
  A wind drake (Lair:3)
  7 blink frogs
  A shadow (D:9)
  7 spriggans (Lair:3)
  A vampire (D:11)
  2 wyverns
  23 yaks
  4 basilisks
  2 vampire mosquitoes (D:11)
  Menkaure (D:7)
  An acid dragon (D:10)
  8 water moccasins
  5 orc warriors
  A necrophage (D:6)
  4 ogres
  3 boggarts (Lair:3)
  2 black bears
  3 centaurs
  17 wolves
  4 kobold brigands
  2 gnoll sergeants
  7 bullfrogs
  A scorpion (D:5)
  A wyvern skeleton (D:6)
  A wyvern zombie (D:8)
  3 wights (D:9)
  3 howler monkeys
  2 centaur zombies
  A bullfrog zombie (D:6)
  12 orc priests
  5 hounds
  A centaur skeleton (D:6)
  3 iguanas (D:7)
  8 orc wizards
  A killer bee zombie (D:6)
  11 gnolls
  8 adders
  An ufetubus (D:5)
  An adder skeleton (D:5)
  2 worms
  A dart slug (D:1)
  50 orcs
  4 ball pythons
  4 bats
  6 endoplasms
  10 giant cockroaches (D:2)
  5 goblins
  A hobgoblin (D:4)
  A quokka (D:2)
  3 frilled lizards
  14 kobolds
  A rat (D:1)
305 creatures vanquished.

Vanquished Creatures (collateral kills)
  3 hydras
  A two-headed ogre (D:10)
  A wolf spider (Lair:1)
  A manticore (Lair:3)
  An elephant (Lair:1)
  A black mamba (Lair:3)
  2 cane toads
  2 komodo dragons
  A troll (D:11)
  2 hornets (Lair:3)
  A blink frog (Lair:4)
  A shadow (D:11)
  5 spriggans (Lair:3)
  A wraith (D:11)
  9 yaks
  A steam dragon (D:11)
  A basilisk (Lair:4)
  2 nagas (Lair:2)
  3 water moccasins
  5 wolves
  4 bullfrogs
  3 centaur zombies
  An orc wizard (D:8)
  A gnoll (D:8)
  3 orcs (D:11)
  2 kobolds
58 creatures vanquished.

Vanquished Creatures (others)
  3 knights
  2 ancestors
  64 fulminant prisms
  23 fungi
  62 plants
154 creatures vanquished.

Grand Total: 517 creatures vanquished

Notes
Turn   | Place    | Note
-------+----------+-------------------------------------------
     0 | D:1      | Masnef the Gnoll Conjurer began the quest for the Orb.
     0 | D:1      | Reached XP level 1. HP: 13/13 MP: 6/6
   440 | D:1      | Reached XP level 2. HP: 19/19 MP: 5/7
   531 | D:1      | Learned a level 2 spell: Searing Ray
  1180 | D:2      | Reached skill level 5 in Spellcasting
  1180 | D:2      | Reached XP level 3. HP: 25/25 MP: 4/9
  1495 | D:2      | Found a faded altar of an unknown god.
  1509 | D:2      | Found a faded altar of an unknown god.
  1666 | D:2      | Reached skill level 1 in Invocations
  1776 | D:3      | Noticed HammerPanzer's ghost (amateur MiBe)
  1776 | D:3      | Found a transporter.
  1786 | D:3      | Noticed a centaur
  1793 | D:3      | Found a transporter.
  1852 | D:3      | Reached skill level 1 in Fighting
  1852 | D:3      | Reached skill level 1 in Short Blades
  1852 | D:3      | Reached skill level 1 in Long Blades
  1852 | D:3      | Reached skill level 1 in Axes
  1852 | D:3      | Reached skill level 1 in Maces & Flails
  1852 | D:3      | Reached skill level 1 in Polearms
  1852 | D:3      | Reached skill level 1 in Staves
  1852 | D:3      | Reached skill level 1 in Slings
  1852 | D:3      | Reached skill level 1 in Bows
  1852 | D:3      | Reached skill level 1 in Crossbows
  1852 | D:3      | Reached skill level 1 in Throwing
  1852 | D:3      | Reached skill level 1 in Armour
  1852 | D:3      | Reached skill level 1 in Shields
  1852 | D:3      | Reached skill level 1 in Unarmed Combat
  1852 | D:3      | Reached skill level 1 in Evocations
  1852 | D:3      | Reached XP level 4. HP: 32/32 MP: 3/11
  2234 | D:3      | Found a basalt altar of Yredelemnul.
  2391 | D:3      | Reached skill level 1 in Hexes
  2391 | D:3      | Reached skill level 1 in Summonings
  2391 | D:3      | Reached skill level 1 in Necromancy
  2391 | D:3      | Reached skill level 1 in Translocations
  2391 | D:3      | Reached skill level 1 in Transmutations
  2391 | D:3      | Reached skill level 1 in Fire Magic
  2391 | D:3      | Reached skill level 1 in Ice Magic
  2391 | D:3      | Reached skill level 1 in Air Magic
  2391 | D:3      | Reached skill level 1 in Earth Magic
  2391 | D:3      | Reached skill level 1 in Poison Magic
  2461 | D:3      | Found Huuplait's Distillery.
  2467 | D:3      | Bought a potion of curing for 36 gold pieces
  2573 | D:3      | Reached XP level 5. HP: 29/37 MP: 4/12
  2955 | D:3      | Learned a level 3 spell: Dazzling Flash
  2968 | D:3      | Found the +7 staff of the Meek {protect, meekguard}
  3333 | D:4      | Noticed a black bear
  3344 | D:3      | Killed a black bear
  3345 | D:3      | Reached XP level 6. HP: 31/44 MP: 3/14
  3477 | D:4      | Found Otaud's Magic Scroll Emporium.
  3492 | D:4      | Bought a scroll of identify for 26 gold pieces
  3492 | D:4      | Bought a scroll of teleportation for 39 gold pieces
  3716 | D:4      | Reached skill level 5 in Dodging
  3814 | D:4      | Reached skill level 2 in Throwing
  3915 | D:4      | Got the Papyrus of Venom and the Compass
  3919 | D:4      | Learned a level 2 spell: Blink
  3976 | D:4      | Reached XP level 7. HP: 27/50 MP: 7/15
  4374 | D:5      | Entered Level 5 of the Dungeon
  4696 | D:5      | Found a snail-covered altar of Cheibriados.
  5056 | D:5      | Reached skill level 5 in Stealth
  5664 | D:5      | Reached skill level 3 in Throwing
  5664 | D:5      | Reached XP level 8. HP: 57/57 MP: 11/16
  6350 | D:4      | Bought a scroll of enchant armour for 97 gold pieces
  6403 | D:6      | Reached skill level 4 in Throwing
  6487 | D:6      | Learned a level 4 spell: Fulminant Prism
  6900 | D:6      | Found an iron altar of Okawaru.
  6935 | D:6      | Reached XP level 9. HP: 44/65 MP: 6/18
  7562 | D:7      | Noticed Menkaure
  7566 | D:7      | Killed Menkaure
  7567 | D:7      | Reached skill level 5 in Throwing
  7684 | D:7      | Noticed a brown ugly thing
  7693 | D:7      | Killed a brown ugly thing
  8709 | D:7      | Reached skill level 5 in Invocations
  8859 | D:7      | Found a staircase to the Ecumenical Temple.
  8895 | Temple   | Entered the Ecumenical Temple
  8961 | Temple   | Became a worshipper of Hepliaklqana the Forgotten
  9110 | D:7      | Reached skill level 6 in Throwing
  9726 | D:8      | Reached XP level 10. HP: 57/73 MP: 15/20
  9990 | D:8      | Reached * piety under Hepliaklqana
 10424 | D:8      | Found a glowing golden altar of the Shining One.
 10425 | D:8      | Found a radiant altar of Vehumet.
 10425 | D:8      | Found a shimmering altar of Xom.
 10584 | D:8      | Reached skill level 5 in Fighting
 10584 | D:8      | Reached skill level 5 in Short Blades
 10584 | D:8      | Reached skill level 5 in Long Blades
 10584 | D:8      | Reached skill level 5 in Axes
 10584 | D:8      | Reached skill level 5 in Maces & Flails
 10584 | D:8      | Reached skill level 5 in Polearms
 10584 | D:8      | Reached skill level 5 in Staves
 10584 | D:8      | Reached skill level 5 in Slings
 10584 | D:8      | Reached skill level 5 in Bows
 10584 | D:8      | Reached skill level 5 in Crossbows
 10584 | D:8      | Reached skill level 5 in Armour
 10584 | D:8      | Reached skill level 5 in Shields
 10584 | D:8      | Reached skill level 5 in Unarmed Combat
 10584 | D:8      | Reached skill level 5 in Evocations
 10873 | D:9      | Noticed a two-headed ogre
 10877 | D:9      | Killed a two-headed ogre
 10940 | D:9      | Noticed a two-headed ogre
 10945 | D:9      | Killed a two-headed ogre
 10946 | D:9      | Reached skill level 7 in Throwing
 11403 | D:9      | Noticed a kobold demonologist
 11407 | D:9      | Killed a kobold demonologist
 11518 | D:9      | Found a hide-covered altar of Uskayaw.
 11600 | D:9      | Reached XP level 11. HP: 72/72 MP: 14/22
 11604 | D:9      | Reached skill level 8 in Throwing
 11897 | D:10     | Entered Level 10 of the Dungeon
 11936 | D:10     | Reached skill level 5 in Hexes
 11936 | D:10     | Reached skill level 5 in Summonings
 11936 | D:10     | Reached skill level 5 in Necromancy
 11936 | D:10     | Reached skill level 5 in Translocations
 11936 | D:10     | Reached skill level 5 in Transmutations
 11936 | D:10     | Reached skill level 5 in Fire Magic
 11936 | D:10     | Reached skill level 5 in Ice Magic
 11936 | D:10     | Reached skill level 5 in Air Magic
 11936 | D:10     | Reached skill level 5 in Earth Magic
 11936 | D:10     | Reached skill level 5 in Poison Magic
 12012 | D:10     | Found a runed translucent door.
 12022 | D:10     | Reached ** piety under Hepliaklqana
 12023 | D:10     | Remembered your ancestor Gianna Nannini as a knight
 12029 | D:10     | Found a shimmering altar of Xom.
 12029 | D:10     | Noticed IvanJoukov's ghost (novice DEFE)
 12029 | D:10     | Noticed a +4 rapier of chaos
 12120 | D:10     | Found a bloodstained altar of Trog.
 12122 | D:10     | Noticed a two-headed ogre
 12129 | D:10     | Killed a two-headed ogre
 12308 | D:10     | Noticed a two-headed ogre
 12325 | D:10     | Killed a two-headed ogre
 12845 | D:11     | Noticed Erica
 12855 | D:11     | Killed Erica
 13323 | D:11     | Noticed a five-headed hydra
 13327 | D:11     | Killed a five-headed hydra
 13328 | D:11     | Reached skill level 9 in Throwing
 13398 | D:11     | Found a staircase to the Orcish Mines.
 13414 | D:10     | Paralysed by a kobold brigand for 4 turns
 13681 | D:11     | Noticed a manticore
 13889 | D:11     | Killed a manticore
 13906 | D:11     | Reached XP level 12. HP: 68/80 MP: 6/24
 14573 | D:11     | Found a staircase to the Lair.
 14673 | Lair:1   | Entered Level 1 of the Lair of Beasts
 14714 | Lair:1   | Reached *** piety under Hepliaklqana
 15440 | Lair:1   | Reached skill level 10 in Throwing
 15925 | Lair:1   | Learned a level 4 spell: Olgreb's Toxic Radiance
 16751 | Lair:2   | Reached **** piety under Hepliaklqana
 17138 | Lair:2   | Found a staircase to the Snake Pit.
 17868 | Lair:3   | Reached XP level 13. HP: 88/88 MP: 18/26
 17979 | Lair:3   | Found a staircase to the Shoals.
 18118 | Lair:3   | Reached ***** piety under Hepliaklqana
 18135 | Lair:3   | Identified 2 scrolls of acquirement
 18137 | Lair:3   | Acquired 845 gold pieces
 18139 | Lair:3   | Acquired 585 gold pieces
 18425 | D:4      | Bought a scroll of identify for 26 gold pieces
 18425 | D:4      | Bought a scroll of amnesia for 45 gold pieces
 18425 | D:4      | Bought a scroll of acquirement for 676 gold pieces
 18425 | D:4      | Bought a scroll of fear for 45 gold pieces
 18425 | D:4      | Acquired 877 gold pieces
 18460 | D:3      | Bought a potion of heal wounds for 60 gold pieces
 18460 | D:3      | Bought a potion of haste for 120 gold pieces
 19067 | Lair:3   | Reached skill level 11 in Throwing
 20183 | Lair:4   | Reached skill level 10 in Conjurations
 21398 | Lair:4   | Reached skill level 10 in Spellcasting
 21955 | Lair:5   | Noticed Nessos
 21966 | Lair:5   | Mangled by a torpor snail

Illustrated notes

Levels and vault maps discovered:
D:1:      dpeg_arrival_shrine, layout_basic
D:2:      minmay_roachtagon, layout_basic,
          hellmonk_ecumenical_altar_the_god_not_taken, corexii_corridor_pit
D:3:      layout_loops_ring, overflow_temple_1_default, gammafunk_ghost_arena,
          serial_shops, shop, amcnicky_mini_corridor_feature,
          chequers_serial_rivers_micro_d, hangedman_decor_opposing,
          palyth_stone_intersect, hangedman_decor_slide_cut,
          pf_guarded_unrand_meek
D:4:      layout_loops_ring, serial_shops, nicolae_square_shop
D:5:      layout_gridville, lemuel_doored_altar, minmay_manual_moon
D:6:      layout_loops_ring, okawaru_gym_becter
D:7:      layout_basic, minmay_temple_entry_hall, kennysheep_generic_room_7,
          uniq_menkaure
D:8:      layout_loops_corners, grunt_temple_overflow_open, blue_anna_alchemist
D:9:      layout_roguey, nicolae_uskayaw_murder_on_the_dancefloor
D:10:     layout_basic, kennysheep_little_box, ebering_ghost_xom
D:11:     layout_cave_pools, erik_lair_dragon, minmay_orc_entry_temple_small,
          uniq_erica
Temple:   eino_temple_lava
Lair:1:   layout_regular_city, nicolae_lair_run_with_the_wolves
Lair:2:   minmay_lair_venomous_thicket, layout_gridlike,
          minmay_snake_entry_guardpost_small, serial_bayou_crossing,
          infiniplex_staircase_pool, grunt_megastairs_1, lemuel_fruit_fields
Lair:3:   kb_forest_paths, layout_gridlike, minmay_shoals_entry_beasts,
          kennysheep_catoblepas_arena, serial_bayou_shore_b
Lair:4:   layout_gridlike, grunt_megastairs_2
Lair:5:   layout_long_grid, dpeg_slime_entry_enclosed_altar,
          nicolae_volcano_entry_vermiform, uniq_nessos

Skill      XL: |  1  2  3  4  5  6  7  8  9 10 11 12 13 |
---------------+----------------------------------------+-----
Spellcasting   | 5 6 7 8 9 10 | 10.0
Invocations    | 1 2 3 4 5 6 7 8 9 |  9.5
Fighting       | 1 2 3 4 5 6 7 8 |  8.6
Short Blades   | 1 2 3 4 5 6 7 8 |  8.6
Long Blades    | 1 2 3 4 5 6 7 8 |  8.6
Axes           | 1 2 3 4 5 6 7 8 |  8.6
Maces & Flails | 1 2 3 4 5 6 7 8 |  8.6
Polearms       | 1 2 3 4 5 6 7 8 |  8.6
Staves         | 1 2 3 4 5 6 7 8 |  8.6
Slings         | 1 2 3 4 5 6 7 8 |  8.6
Bows           | 1 2 3 4 5 6 7 8 |  8.6
Crossbows      | 1 2 3 4 5 6 7 8 |  8.6
Throwing       | 1 2 3 4 6 7 9 10 11 | 11.8
Armour         | 1 2 3 4 5 6 7 8 |  8.6
Shields        | 1 2 3 4 5 6 7 8 |  8.6
Unarmed Combat | 1 2 3 4 5 6 7 8 |  8.6
Evocations     | 1 2 3 4 5 6 7 8 |  8.6
Hexes          | 1 2 3 4 5 6 7 |  7.2
Summonings     | 1 2 3 4 5 6 7 |  7.2
Necromancy     | 1 2 3 4 5 6 7 |  7.2
Translocations | 1 2 3 4 5 6 7 |  7.2
Transmutations | 1 2 3 4 5 6 7 |  7.2
Fire Magic     | 1 2 3 4 5 6 7 |  7.2
Ice Magic      | 1 2 3 4 5 6 7 |  7.2
Air Magic      | 1 2 3 4 5 6 7 |  7.2
Earth Magic    | 1 2 3 4 5 6 7 |  7.2
Poison Magic   | 1 2 3 4 5 6 7 |  7.2
Dodging        | 5 6 7 8 9 |  9.8
Stealth        | 5 6 7 8 9 |  9.7
Conjurations   | 8 9 10 | 10.2

Action                   |  1- 3 |  4- 6 |  7- 9 | 10-12 | 13-15 || total
-------------------------+-------+-------+-------+-------+-------++-------
Melee: Short sword       |     7 |       |       |       |       ||     7
       Staff             |     1 |    10 |     9 |    23 |    30 ||    73
       Bite              |       |     1 |     2 |     5 |     1 ||     9
       Quarterstaff      |       |       |    14 |       |       ||    14
 Cast: Magic Dart        |    39 |    63 |   125 |    77 |    37 ||   341
       Searing Ray       |     2 |     9 |    48 |    88 |    45 ||   192
       Dazzling Flash    |       |     2 |     5 |     1 |       ||     8
       Fulminant Prism   |       |       |     6 |    40 |    19 ||    65
       Blink             |       |       |     1 |       |       ||     1
       Olgreb's Toxic Ra |       |       |       |     2 |       ||     2
Invok: Ancestor Identity |       |       |       |     2 |       ||     2
       Recall Ancestor   |       |       |       |     4 |     4 ||     8
       Ancestor Life: Kn |       |       |       |     1 |       ||     1
       Transference      |       |       |       |       |     2 ||     2
Evoke: Wand              |       |       |       |     1 |     1 ||     2
  Use: Scroll            |       |     5 |     6 |     8 |     8 ||    27
       Potion            |       |       |       |     1 |     2 ||     3
 Stab: Sleeping          |       |       |       |       |     2 ||     2
Armor: Robe              |     3 |     6 |    27 |    43 |    21 ||   100
       Leather armour    |       |     1 |       |       |       ||     1
Dodge: Dodged            |    11 |    11 |    79 |    65 |    51 ||   217
Block: Buckler           |       |       |       |    34 |    29 ||    63
